 Seeded DCSS version 0.30-a0-358-g0d69a1922f (webtiles) character file.

Game seed: 146201116743661937 (custom seed)

141 retardedninja the Trooper (level 5, -7/47 HPs)
             Began as a Hill Orc Fighter on Nov 9, 2022.
             Mangled by an ice beast (10 damage)
             ... on level 3 of the Dungeon.
             The game lasted 00:05:57 (4139 turns).

retardedninja the Trooper (Hill Orc Fighter)        Turns: 4139, Time: 00:05:59

Health: -7/47      AC:  8    Str: 21    XL:     5   Next: 24%
Magic:  5/5        EV:  9    Int:  8    God:
Gold:   140        SH:  0    Dex: 10    Spells: 4/4 levels left

rFire   . . .      SeeInvis .    k - +3 executioner's axe (vamp)
rCold   . . .      Faith    .    (shield currently unavailable)
rNeg    . . .      Spirit   .    b - +1 scale mail
rPois   .          Reflect  .    (no helmet)
rElec   .          Harm     .    (no cloak)
rCorr   .          Rampage  .    (no gloves)
Will    .....                    (no boots)
Stlth   ..........               (no amulet)
HPRegen 0.27/turn                (no ring)
MPRegen 0.09/turn                (no ring)

@: hasted, very quick
A: no striking features
a: no special abilities


You were on level 3 of the Dungeon.
You visited 1 branch of the dungeon, and saw 3 of its levels.

You collected 140 gold pieces.

Inventory:

Hand Weapons
 a - a +1 war axe
 k - a +3 vampiric executioner's axe (weapon)
Armour
 b - a +1 scale mail (worn)
Jewellery
 o - a ring of resist corrosion
Wands
 j - a wand of iceblast (4)
Scrolls
 e - 2 scrolls of noise {unknown}
 h - a scroll of fear
 i - a scroll of magic mapping {unknown}
 p - a scroll of amnesia
 s - a scroll of identify
Potions
 c - a potion of curing {unknown}
 d - 3 potions of might
 f - a potion of heal wounds {unknown}
 l - a potion of mutation {unknown}
 m - a potion of flight {unknown}
 n - 2 potions of cancellation
 q - a potion of attraction {unknown}
 r - a potion of degeneration {unknown}


   Skills:
 + Level 4.6 Fighting
 + Level 4.2 Axes
 + Level 4.2 Armour
 + Level 4.2 Shields


You had 4 spell levels left.
You didn't know any spells.
Your spell library contained the following spells:

 Spells                   Type           Power      Damage    Failure   Level
 Magic Dart               Conj           0%         1d3       75%         1
 Slow                     Hex            0%         N/A       75%         1
 Searing Ray              Conj           0%         2d4       86%         2
 Confusing Touch          Hex            0%         N/A       98%         3
 Frozen Ramparts          Ice            0%         1d1       98%         3
 Ozocubu's Armour         Ice            0%         N/A       98%         3
 Vampiric Draining        Necr           0%         2d6       98%         3
 Fulminant Prism          Conj/Hex       0%         3d5       100%        4
 Ice Form                 Ice/Tmut       0%         N/A       100%        4
 Summon Ice Beast         Ice/Summ       0%         N/A       100%        4
 Ozocubu's Refrigeration  Ice            0%         4d7       100%        7


Dungeon Overview and Level Annotations

Branches:
Dungeon (3/15)

Altars:


Message History

You hit the ice beast.
The ice beast is heavily wounded.
You barely miss the goblin. The goblin hits you but does no damage.
The ice beast hits you but does no damage.
The goblin barely misses you.
You closely miss the ice beast.
The ice beast is heavily wounded.
You hit the goblin.
The ice beast hits you but does no damage.
The goblin barely misses you. The ice beast hits you.
The ice beast freezes you! The goblin hits you with a +0 club.
You are too injured to fight recklessly!
You are too injured to fight recklessly!
You are too injured to fight recklessly!
You are too injured to fight recklessly!
You are too injured to fight recklessly!
You are too injured to fight recklessly!
You are too injured to fight recklessly!
You are too injured to fight recklessly!
You are too injured to fight recklessly!
You are too injured to fight recklessly!
Unknown command.
You slash the ice beast!
You feel better.
The ice beast is almost dead.
You closely miss the goblin. The ice beast barely misses you.
The goblin hits you but does no damage. The ice beast hits you.
The ice beast freezes you!
* * * LOW HITPOINT WARNING * * *
It was a potion of cancellation.
You feel magically purged. The goblin hits you but does no damage.
The ice beast hits you but does no damage.
You feel yourself speed up. The goblin barely misses you.
The ice beast barely misses you.
You barely miss the ice beast.
The ice beast is almost dead.
You completely miss the goblin. The goblin barely misses you.
The ice beast hits you.
* * * LOW HITPOINT WARNING * * *
The ice beast freezes you!
You die...

### # #.. # #.### #
#.#.# # ###gY.# #
#..@# # #.#.# # #
#.#.#.# # #.#.#.#
###### #.....#
#....########.#####.#
#
#....##.............#
#
#....##.###.#.#######
# #....# #.......#


You could see an ice beast and a goblin.

Vanquished Creatures
  4 gnolls (D:2)
  3 adders
  2 worms
  3 dart slugs
  3 orcs (D:3)
  4 endoplasms
  7 giant cockroaches
  5 hobgoblins
  2 quokkas
  7 ball pythons
  5 bats
  4 frilled lizards
  3 goblins
  6 kobolds
  3 rats
61 creatures vanquished.

Notes
Turn   | Place    | Note
-------+----------+-------------------------------------------
     0 | D:1      | retardedninja the Hill Orc Fighter began the quest for the
                  | Orb.
     0 | D:1      | Reached XP level 1. HP: 19/19 MP: 1/1
   252 | D:1      | You fall into a shaft and drop 1 floor!
   279 | D:2      | Reached XP level 2. HP: 16/27 MP: 2/2
  1285 | D:1      | Reached XP level 3. HP: 33/33 MP: 3/3
  2114 | D:2      | Reached XP level 4. HP: 24/40 MP: 4/4
  3679 | D:2      | Identified a scroll of acquirement
  3679 | D:2      | Acquired a +3 vampiric executioner's axe
  3767 | D:3      | Reached XP level 5. HP: 43/47 MP: 5/5
  4129 | D:3      | Noticed an ice beast
  4139 | D:3      | Mangled by an ice beast

Illustrated notes

Levels and vault maps discovered:
D:1:      shiori_shiawase, layout_rooms, serial_co_window_serial,
          co_window_paths_b, co_window_paths_b, co_window_paths_a,
          co_window_corner_a, co_window_of_opportunity_a,
          co_window_of_opportunity_a, co_window_paths_a, co_window_corner_a,
          co_window_corner_a, co_window_2corner, co_window_of_opportunity_b,
          co_window_unsneaky_path_c, co_window_corner_b, co_window_4corner_b,
          glass_columns_b, glass_columns_a, chequers_decorated_corner,
          minivault_26
D:2:      layout_loops_cross, minmay_worlds_worst_comb
D:3:      layout_basic

Skill      XL: |  1  2  3  4 |
---------------+-------------+-----
Axes           | 3 4 |  4.2
Fighting       | 4 |  4.6
Armour         | 4 |  4.2
Shields        | 4 |  4.2

Action                   |  1- 3 |  4- 6 || total
-------------------------+-------+-------++-------
Melee: War axe           |   106 |    16 ||   122
       Executioner's axe |       |    49 ||    49
  Use: Scroll            |     4 |     3 ||     7
       Potion            |       |     2 ||     2
Armor: Scale mail        |    77 |    49 ||   126
Dodge: Dodged            |    66 |    43 ||   109
Block: Buckler           |    25 |     3 ||    28

Table legend: (Time is in decaauts)
 A = Elapsed time spent in this place.
 B = Non-inter-level travel time spent in this place.
 C = Inter-level travel time spent in this place.
 D = Time resting spent in this place.
 E = Time spent auto-exploring this place.
 F = Levels seen in this place.
 G = Mean time per level.
                   A        B        C        D        E       F      G
               +--------+--------+--------+--------+--------+-----+--------+
         Total |   4221 |   4201 |     20 |   1773 |   1826 |   3 | 1407.0 |
       Dungeon |   4221 |   4201 |     20 |   1773 |   1826 |   3 | 1407.0 |
               +--------+--------+--------+--------+--------+-----+--------+

Top non-repeatable levels by time:
     D:1: 2036 daAuts
     D:2: 1718 daAuts
     D:3: 467 daAuts
